 Dungeon Crawl Stone Soup version 0.29.1-12-g30fa7ad0bf (webtiles) character file.

Game seed: 18115108368131718942

157 melloss the Sneak (level 5, -7/24 HPs)
             Began as a Spriggan Enchanter on Dec 25, 2022.
             Mangled by an orc
             ... wielding a +0 flail
              (9 damage)
             ... on level 4 of the Dungeon.
             The game lasted 00:06:30 (3494 turns).

melloss the Sneak (Spriggan Enchanter)              Turns: 3494, Time: 00:06:30

Health: -7/24      AC:  2    Str:  4    XL:     5   Next: 15%
Magic:  5/10       EV: 17    Int: 16    God:
Gold:   260        SH:  0    Dex: 18    Spells: 3/9 levels left

rFire   . . .      SeeInvis +   d - +0 dagger (venom)
rCold   . . .      Faith    .   (no shield)
rNeg    . . .      Spirit   .   b - +0 robe
rPois   .          Reflect  .   (helmet restricted)
rElec   .          Harm     .   (no cloak)
rCorr   .          Rampage  .   (gloves unavailable)
Will    .....                   (boots unavailable)
Stlth   ++++......              (no amulet)
HPRegen 0.08/turn               (no ring)
MPRegen 0.12/turn               (no ring)

@: very quick
A: very small, no large weapons, unfitting armour, see invisible, speed 3
a: no special abilities


You were on level 4 of the Dungeon.
You visited 1 branch of the dungeon, and saw 4 of its levels.

You collected 260 gold pieces.

Inventory:

Hand Weapons
 a - a +1 dagger
 d - a +0 dagger of venom (weapon)
Armour
 b - a +0 robe (worn)
Scrolls
 e - a scroll of fear {unknown}
 g - 5 scrolls of identify {unknown}
 h - a scroll of vulnerability {unknown}
 i - a scroll of summoning {unknown}
 j - 2 scrolls of blinking {unknown}
 m - a scroll of brand weapon {unknown}
Potions
 c - 3 potions of invisibility
 f - 2 potions of curing
 k - 2 potions of might {unknown}
 l - a potion of ambrosia {unknown}
 n - a potion of berserk rage {unknown}


   Skills:
 + Level 3.9 Short Blades
 - Level 2.6 Dodging
 + Level 7.2 Stealth
 - Level 2.6 Spellcasting
 - Level 3.6 Hexes


You had 3 spell levels left.
You knew the following spells:

 Your Spells              Type           Power      Damage    Failure   Level
a - Ensorcelled Hibernat  Hex/Ice        14%        N/A       14%         2
b - Confusing Touch       Hex            13%        N/A       13%         3
c - Shock                 Conj/Air       8%         1d3       19%         1

Your spell library contained the following spells:

 Spells                   Type           Power      Damage    Failure   Level
 Tukima's Dance           Hex            13%        N/A       13%         3
 Magic Dart               Conj           8%         1d3       19%         1
 Call Imp                 Summ           2%         N/A       28%         2
 Dazzling Flash           Conj/Hex       14%        N/A       28%         3
 Mephitic Cloud           Conj/Pois/Air  2%         N/A       50%         3
 Swiftness                Air            2%         N/A       50%         3
 Airstrike                Air            1%         2d(1-17)  88%         4


Dungeon Overview and Level Annotations

Branches:
Dungeon (4/15)
 Temple: D:4-7

Altars:


Innate Abilities, Weirdness & Mutations

You are very small and have problems with some larger weapons.
You are too small for most types of armour.
You have supernaturally acute eyesight. (SInv)
You cover ground extremely quickly. (Speed+++)


Message History

Confirm with . or Enter, or press ? or * to list all spells.
Aiming: Ensorcelled Hibernation (safe; 14% risk of failure)
Press: ? - help, Shift-Dir - straight line, f - orc
Aim: an orc, wielding a +0 dagger (chance to affect: 58%)
The orc resists with significant effort.
You hit the orc but do no damage.
The orc is poisoned.
An orc comes into view. It is wielding a +0 mace.
The orc hits you but does no damage.
You hit the orc.
The orc is moderately wounded.
You feel a bit more experienced.
It was a potion of curing.
You feel better.
You hit the orc but do no damage.
The orc is poisoned.
The orc is moderately wounded.
The orc misses you.
The orc priest looks satisfied for a moment.
Casting: Ensorcelled Hibernation (safe; 14% risk of failure)
Confirm with . or Enter, or press ? or * to list all spells.
Aiming: Ensorcelled Hibernation (safe; 14% risk of failure)
Press: ? - help, Shift-Dir - straight line, f - orc
Aim: an orc, wielding a +0 flail and wearing a +0 scale mail (moderately wounded, very poisoned, chance to affect: 58%)
The orc resists with significant effort.
The orc misses you.
Casting: Ensorcelled Hibernation (safe; 14% risk of failure)
Confirm with . or Enter, or press ? or * to list all spells.
Aiming: Ensorcelled Hibernation (safe; 14% risk of failure)
Press: ? - help, Shift-Dir - straight line, f/p - orc
Aim: an orc, wielding a +0 flail and wearing a +0 scale mail (heavily wounded, very poisoned, chance to affect: 58%)
The orc resists with significant effort.
The orc hits you with a +0 flail!
You barely miss the orc.
The orc is heavily wounded.
You hit the orc.
The orc looks as sick as possible!
The orc is heavily wounded.
The orc hits you with a +0 flail!
* * * LOW HITPOINT WARNING * * *
You hit the orc but do no damage.
The orc is severely wounded.
The orc hits you with a +0 flail!
You die...

#.######.###.#
###..........#.#
..........##.#.#
.......<..##.#.#
..........##.#.######
..........##......^..
..........##.########
..........##.######
..........##...@oo#
..........#######.###.###.
..........# #.............
...... #.....###.####
......###....## #.......#
# #.o###### .# #.## ..# .
####.# .. .# ♣


You could see an orc priest and an orc (extremely poisoned).

Vanquished Creatures
  A hound (D:3)
  Natasha (D:4)
  5 adders
  A dart slug (D:1)
  3 orcs
  5 endoplasms
  A giant cockroach (D:1)
  6 goblins
  5 hobgoblins (D:1)
  3 jackals (D:2)
  3 quokkas
  5 ball pythons (D:1)
  4 bats
  2 frilled lizards
  2 kobolds
  5 rats
52 creatures vanquished.

Notes
Turn   | Place    | Note
-------+----------+-------------------------------------------
     0 | D:1      | melloss the Spriggan Enchanter began the quest for the Orb.
     0 | D:1      | Reached XP level 1. HP: 9/9 MP: 5/5
   401 | D:1      | Reached XP level 2. HP: 13/13 MP: 6/6
   404 | D:1      | Learned a level 2 spell: Ensorcelled Hibernation
   422 | D:1      | Reached skill level 5 in Stealth
   826 | D:1      | You fall into a shaft and drop 1 floor!
  1490 | D:1      | Reached XP level 3. HP: 16/16 MP: 8/8
  1623 | D:1      | Found a faded altar of an unknown god.
  2116 | D:2      | Reached skill level 6 in Stealth
  2252 | D:2      | Reached XP level 4. HP: 11/21 MP: 6/9
  2416 | D:2      | Learned a level 3 spell: Confusing Touch
  2418 | D:2      | Learned a level 1 spell: Shock
  3447 | D:4      | Noticed Natasha
  3456 | D:4      | Killed Natasha
  3457 | D:4      | Reached skill level 7 in Stealth
  3457 | D:4      | Reached XP level 5. HP: 11/24 MP: 10/10
  3494 | D:4      | Mangled by an orc

Illustrated notes

Levels and vault maps discovered:
D:1:      saegor_arrival_miasma, layout_loops_corners,
          shapermc_ecumenical_altar_petra, chequers_avenue
D:2:      layout_basic, st_stairs_6, minmay_misc_feat_ornament,
          minmay_misc_feat_x, minmay_tromino_v4_c
D:3:      layout_basic
D:4:      layout_basic, temple_hall, serial_shops, shop, grunt_ministairs_4,
          minmay_shop_grid_forest, minmay_misc_feat_cross, uniq_natasha,
          uniq_edmund, uniq_grinder

Skill      XL: |  1  2  3  4 |
---------------+-------------+-----
Stealth        | 5 6 7 |  7.2
Short Blades   | 2 3 |  3.9
Dodging        | |  2.6
Spellcasting   | |  2.6
Hexes          | |  3.6

Action                   |  1- 3 |  4- 6 || total
-------------------------+-------+-------++-------
Melee: Dagger            |    97 |    39 ||   136
       Punch             |     1 |       ||     1
 Cast: Ensorcelled Hiber |     1 |     6 ||     7
  Use: Potion            |     2 |     1 ||     3
 Stab: Sleeping          |    14 |     4 ||    18
Armor: Robe              |    13 |     9 ||    22
Dodge: Dodged            |    68 |    21 ||    89
